 Dungeon Crawl Stone Soup version 0.17.0-27-g4a3f43e (webtiles) character file.

19083 homeworkjunkie the Unseen (level 12, 0/54 HPs)
             Began as a Spriggan Assassin on Nov 21, 2015.
             Was a High Priest of Okawaru.
             Slain by an orc warrior
             ... wielding a +0 hand axe
             ... led by an orc warlord
              (15 damage)
             ... on level 2 of the Orcish Mines.
             The game lasted 00:51:58 (18034 turns).

homeworkjunkie the Unseen (Spriggan Assassin)      Turns: 18034, Time: 00:51:58

Health: 0/54       AC:  7    Str: 13    XL:     12   Next: 33%
Magic:  16/16      EV: 31    Int: 10    God:    Okawaru [*****.]
Gold:   716        SH:  7    Dex: 21    Spells: 0 memorised, 11 levels left

rFire  + . .     SeeInvis +     a - +1 short sword (venom)
rCold  . . .     Clarity  .     c - +2 robe
rNeg   . . .     SustAt   .     A - +1 buckler of Limited Liability {*Confuse MR++ Str+3 SInv}
rPois  +         Gourm    .     (helmet restricted)
rElec  .         Spirit   .     l - +2 cloak {+Inv}
rCorr  .         Warding  .     (gloves unavailable)
rMut   .         Stasis   .     (boots unavailable)
MR     ++++.                    m - amulet of rage
Stlth  ++++++++..               B - ring of poison resistance
                                v - +3 ring of strength

@: very slightly contaminated, very quick, incredibly resistant to hostile
enchantments, extraordinarily stealthy
A: unfitting armour, see invisible, clumsy 1, dopey 1, fire resistance 1,
herbivore 3, speed 3, frail 1, slow metabolism 2
a: Heroism, Finesse, Renounce Religion, Evoke Berserk Rage, Evoke Invisibility


You were on level 2 of the Orcish Mines.
You worshipped Okawaru.
Okawaru was extremely pleased with you.
You were not hungry.

You visited 4 branches of the dungeon, and saw 17 of its levels.
You visited 1 bazaar.

You collected 1258 gold pieces.
You spent 542 gold pieces at shops.

Inventory:

Hand Weapons
 a - a +1 short sword of venom (weapon)
 b - a +0 blowgun
 d - a +4 hunting sling of evasion
 e - a +0 greatsling of freezing
 f - a +2 dagger of freezing
Missiles
 n - 4 curare-tipped needles
 o - a poisoned needle
Armour
 c - a +2 robe (worn)
 l - a +2 cloak of invisibility (worn)
 A - the +1 buckler of Limited Liability (worn) {*Confuse MR++ Str+3 SInv}
   (Okawaru gifted it to you on level 9 of the Dungeon)

   It affects your strength (+3).
   It affects your resistance to hostile enchantments.
   It lets you see invisible.
   It may confuse you when you take damage.
Jewellery
 m - an amulet of rage (around neck)
 v - a +3 ring of strength (left hand)
 B - a ring of poison resistance (right hand)
Wands
 k - a wand of slowing (15)
 s - a wand of heal wounds (0)
 u - a wand of draining (0)
 z - a wand of digging (9)
 L - a wand of fire (0)
 M - a wand of teleportation (2)
Scrolls
 h - a scroll of fear
 w - a scroll of immolation
 x - 2 scrolls of enchant armour
 y - 2 scrolls of teleportation
 C - 4 scrolls of remove curse
Potions
 j - 4 potions of flight
 r - 3 potions of brilliance
 D - a potion of agility
 F - a potion of lignification
Books
 K - a book of Enchantments

   Spells                             Type                      Level
   a - Cause Fear                     Hexes                        4
   b - Silence                        Hexes/Air                    5
   c - Deflect Missiles               Charms/Air                   6
   d - Haste                          Charms                       6
   e - Discord                        Hexes                        8
Comestibles
 g - 5 bread rations


   Skills:
 * Level 5.6 Fighting
 * Level 7.3 Short Blades
 * Level 6.7(8.5) Slings
 * Level 6.7(7.7) Throwing
 * Level 13.3 Dodging
 * Level 17.5 Stealth
 + Level 1.3 Shields
 * Level 5.2 Invocations
 + Level 2.5 Evocations


You had 11 spell levels left.
You didn't know any spells.

Dungeon Overview and Level Annotations

Branches:
Dungeon (12/15)            Temple (1/1) D:4            Lair (1/8) D:11
    Orc (3/4) D:10
    Elf: Orc:3-4

Altars:
Ashenzari
Cheibriados
Dithmenos
Elyvilon
Fedhas
Gozag
Kikubaaqudgha
Makhleb
Nemelex Xobeh
Okawaru
Qazlal
Ru
Sif Muna
Trog
Vehumet
Xom
Yredelemnul
Zin
The Shining One
Lugonu


Innate Abilities, Weirdness & Mutations

You are tiny and cannot use many weapons and most armour.
You have supernaturally acute eyesight.
You are a herbivore.
You cover ground extremely quickly.
You need consume almost no food.
You are clumsy. (Dex -2)
You are dopey. (Int -2)
Your flesh is heat resistant.
You are frail (-10% HP).


Message History

The orc priest is moderately wounded.
The orc priest completely misses you. The orc completely misses you.
You closely miss the orc priest.
The orc priest is moderately wounded.
The orc priest completely misses you.
You hit the orc priest.
The orc priest is severely wounded.
The orc completely misses you.
You puncture the orc priest!
You kill the orc priest!
Okawaru accepts your kill.
The orc warrior hits you with a hand axe!
* * * LOW HITPOINT WARNING * * *
You block the orc's attack.
Things that are here:
a whip; an orc corpse You block the orc warrior's attack.
You fail to use your ability.
The orc warrior hits you with a hand axe!
You die...

### #..# #...##
...... ......
#####.....#
#.#@...# .
##.#)o..# ...
#..>o..## ....
#.#...####.....
###......#.....
#.....$......
###.....####
##....##
###.....#.#


You could see an orc warrior and an orc (frenzied).

Vanquished Creatures
  An orc warlord (Orc:2)
  Erica (D:8)
  Erolcha (D:8)
  Pikel (D:5)
  2 hill giants (D:10)
  2 orc sorcerers
  An orc knight (Orc:1)
  An ugly thing (D:11)
  Maurice (D:8)
  Psyche (D:9)
  2 komodo dragons
  2 trolls
  Prince Ribbit (D:8)
  A wyvern (D:11)
  A deep elf mage (D:11)
  4 wraiths
  6 yaks
  Eustachio (D:5)
  A human (D:9)
  3 wargs
  A basilisk (D:11)
  2 hippogriffs
  2 hungry ghosts
  A porcupine (D:10)
  A water moccasin (Lair:1)
  Duvessa (D:4)
  2 black bears
  A necrophage (D:8)
  10 ogres
  11 orc warriors
  4 phantoms
  3 sky beasts
  7 centaurs
  7 giant frogs
  3 big kobolds
  An elf skeleton (D:10)
  Dowan (D:4)
  A water moccasin zombie (D:8)
  2 scorpions
  A gnoll sergeant (D:11)
  5 troll zombies (D:10)
  2 crimson imps
  6 wights
  5 hounds
  2 centaur zombies
  5 human zombies (D:10)
  4 jellies
  2 centaur skeletons
  A quasit (D:8)
  Ijyb (D:2)
  6 iguanas
  5 worker ants
  A giant frog skeleton (D:10)
  18 orc priests
  14 orc wizards
  A killer bee zombie (D:5)
  3 sheep (D:9)
  5 ogre zombies (D:10)
  Robin (D:2)
  26 gnolls
  A worker ant zombie (D:11)
  13 adders
  4 shadow imps
  An ooze (D:5)
  2 adder skeletons (D:5)
  An adder zombie (D:5)
  3 worms
  5 giant geckos
  97 orcs
  7 giant cockroaches
  2 gnoll zombies (D:3)
  17 goblins
  8 hobgoblins
  12 jackals
  23 kobolds
  6 quokkas
  A ball python (D:5)
  8 bats
  A giant gecko skeleton (D:5)
  4 giant newts
  2 goblin skeletons (D:10)
  3 goblin zombies (D:10)
  A hobgoblin skeleton (D:10)
  4 hobgoblin zombies (D:10)
  An orc skeleton (D:10)
  15 orc zombies (D:10)
  8 rats
  A fungus (D:10)
460 creatures vanquished.

Vanquished Creatures (others)
  Josephine (D:12)
  A killer bee zombie (D:8)
  2 orcs (Orc:2)
4 creatures vanquished.

Grand Total: 464 creatures vanquished

Notes
Turn   | Place    | Note
--------------------------------------------------------------
     0 | D:1      | homeworkjunkie the Spriggan Assassin began the quest for the Orb.
     0 | D:1      | Reached XP level 1. HP: 10/10 MP: 2/2
    36 | D:1      | Reached skill level 6 in Stealth
   408 | D:1      | Reached XP level 2. HP: 4/14 MP: 3/3
   933 | D:2      | Reached skill level 7 in Stealth
   953 | D:2      | Noticed Robin
   975 | D:2      | Reached XP level 3. HP: 12/18 MP: 4/4
  1012 | D:2      | Killed Robin
  1045 | D:2      | Gained mutation: You are dopey. (Int -2) [mutagenic glow]
  1335 | D:2      | Noticed Ijyb
  1342 | D:2      | Killed Ijyb
  1342 | D:2      | Reached XP level 4. HP: 23/23 MP: 2/5
  2207 | D:3      | Reached skill level 8 in Stealth
  2576 | D:3      | Found a faded altar to an unknown god.
  3152 | D:3      | Reached XP level 5. HP: 26/26 MP: 4/6
  3299 | D:3      | Found a basalt altar of Yredelemnul.
  3352 | D:4      | Noticed Duvessa
  3361 | D:4      | Noticed Dowan
  3367 | D:4      | Killed Duvessa
  3367 | D:4      | Reached skill level 9 in Stealth
  3367 | D:4      | Reached XP level 6. HP: 30/30 MP: 4/7
  3369 | D:4      | Killed Dowan
  3428 | D:5      | Entered Level 5 of the Dungeon
  3589 | D:4      | Reached skill level 1 in Evocations
  3673 | D:4      | Found a staircase to the Ecumenical Temple.
  3680 | Temple   | Entered the Ecumenical Temple
  3707 | Temple   | Became a worshipper of Warmaster Okawaru
  3832 | D:4      | Noticed an ogre
  3846 | D:4      | Killed an ogre
  3867 | D:4      | Reached skill level 10 in Stealth
  3867 | D:4      | Reached XP level 7. HP: 24/35 MP: 8/8
  3898 | D:4      | Noticed a black bear
  3913 | D:4      | Killed a black bear
  4309 | D:4      | Reached skill level 5 in Dodging
  4409 | D:4      | Found a bloodstained altar of Trog.
  4615 | D:5      | Reached * piety under Okawaru
  4918 | D:5      | Noticed Pikel
  4941 | D:5      | Noticed Eustachio
  4960 | D:5      | Killed Eustachio
  4960 | D:5      | Reached skill level 11 in Stealth
  4974 | D:5      | Killed Pikel
  4974 | D:5      | Reached XP level 8. HP: 38/40 MP: 9/9
  4984 | D:5      | Reached skill level 12 in Stealth
  5228 | D:6      | Reached ** piety under Okawaru
  5551 | D:6      | Found a sacrificial altar of Ru.
  5555 | D:6      | Found a snail-covered altar of Cheibriados.
  5555 | D:6      | Found a shattered altar of Ashenzari.
  5557 | D:6      | Found an opulent altar of Gozag.
  5558 | D:6      | Found a glowing silver altar of Zin.
  5559 | D:6      | Found a shadowy altar of Dithmenos.
  5563 | D:6      | Found a blossoming altar of Fedhas.
  5929 | D:6      | Noticed a troll
  5948 | D:6      | Killed a troll
  5948 | D:6      | Reached skill level 13 in Stealth
  5948 | D:6      | Reached XP level 9. HP: 37/44 MP: 7/10
  6277 | D:6      | Reached skill level 5 in Short Blades
  6631 | D:8      | Found a bloodstained altar of Trog.
  6721 | D:7      | Reached *** piety under Okawaru
  7101 | D:7      | Reached skill level 14 in Stealth
  7144 | D:7      | Found a white marble altar of Elyvilon.
  7458 | D:7      | Reached skill level 1 in Invocations
  8025 | D:8      | Noticed Maurice
  8037 | D:8      | Killed Maurice
  8100 | D:8      | Reached **** piety under Okawaru
  8126 | D:8      | Noticed Erica
  8131 | D:8      | Killed Erica
  8131 | D:8      | Reached skill level 15 in Stealth
  8131 | D:8      | Reached XP level 10. HP: 50/50 MP: 9/12
  8155 | D:8      | Noticed Prince Ribbit
  8226 | D:8      | Reached skill level 5 in Throwing
  8494 | D:8      | Killed Prince Ribbit
  8494 | D:8      | Reached ***** piety under Okawaru
  8772 | D:8      | Noticed Erolcha
  8797 | D:8      | Killed Erolcha
  8797 | D:8      | Reached skill level 10 in Dodging
  9767 | D:10     | Entered Level 10 of the Dungeon
  9860 | D:9      | Noticed Psyche
  9863 | D:9      | Killed Psyche
 10033 | D:9      | Received a gift from Okawaru
 10034 | D:9      | Got a heavily runed buckler {god gift}
 10040 | D:9      | Identified the +1 buckler of Limited Liability {*Confuse MR++ Str+3 SInv} (Okawaru gifted it to you on level 9 of the Dungeon)
 10093 | D:9      | Reached skill level 16 in Stealth
 10896 | D:10     | Reached skill level 1 in Slings
 10943 | D:10     | Reached XP level 11. HP: 54/54 MP: 14/14
 10979 | D:10     | Found a staircase to the Orcish Mines.
 11300 | D:10     | Gained mutation: You are frail (-10% HP). [mutagenic glow]
 12026 | D:11     | Noticed a cyan ugly thing
 12664 | D:10     | Noticed a hill giant
 12759 | D:10     | Killed a hill giant
 13033 | D:10     | Found a basalt altar of Yredelemnul.
 13278 | D:11     | Killed a cyan ugly thing
 13328 | D:11     | Reached skill level 5 in Slings
 13436 | D:12     | Noticed Josephine
 13462 | D:12     | Reached skill level 5 in Fighting
 13545 | D:12     | Gained mutation: You are clumsy. (Dex -2) [mutagenic glow]
 13549 | D:12     | Killed Josephine
 13549 | D:12     | Reached skill level 17 in Stealth
 13759 | D:12     | Found a flickering gateway to a bazaar.
 13766 | Bazaar   | Entered a bazaar
 13766 | Bazaar   | Found Weuph's Weapon Emporium.
 13766 | Bazaar   | Found Zeypatae's Antique Armour Shoppe.
 13766 | Bazaar   | Found Qaaplew's Gadget Emporium.
 13831 | Bazaar   | Found Cani's Antique Weapon Shoppe.
 13833 | Bazaar   | Bought 8 curare-tipped needles for 38 gold pieces
 13836 | Bazaar   | Bought a wand of heal wounds (2) for 468 gold pieces
 13839 | Bazaar   | Bought a glowing hunting sling for 36 gold pieces
 14246 | D:11     | Received a gift from Okawaru
 14321 | D:11     | Found a staircase to the Lair.
 14331 | Lair:1   | Entered Level 1 of the Lair of Beasts
 14395 | D:10     | Noticed a hill giant
 14414 | D:10     | Killed a hill giant
 14448 | Orc:1    | Entered Level 1 of the Orcish Mines
 14475 | D:10     | Reached skill level 1 in Shields
 14544 | Orc:1    | Reached XP level 12. HP: 54/54 MP: 14/16
 14885 | Orc:1    | Reached skill level 5 in Invocations
 15560 | Orc:1    | HP: 2/54 [orc warrior/trident (14)]
 16536 | Orc:2    | Noticed an orc warlord
 16585 | Orc:1    | HP: 1/54 [warg[an orc warlord] (17)]
 16824 | Orc:1    | HP: 1/54 [warg (12)]
 17371 | Orc:2    | Killed an orc warlord
 17927 | Orc:1    | Gained mutation: Your flesh is heat resistant. [potion of beneficial mutation]
 18034 | Orc:2    | Slain by an orc warrior

Action                   |  1- 3 |  4- 6 |  7- 9 | 10-12 || total
-------------------------+-------+-------+-------+-------++-------
Melee: Dagger            |    78 |    31 |       |       ||   109
       Short sword       |       |    93 |   270 |   889 ||  1252
 Fire: Blowgun           |    14 |    19 |    21 |    46 ||   100
       Hunting sling     |       |       |       |   258 ||   258
Throw: Tomahawk          |       |       |     1 |    22 ||    23
 Abil: Evoke Invisibilit |     3 |     4 |     9 |    21 ||    37
Evoke: Wand              |       |       |     2 |    28 ||    30
  Use: Scroll            |     5 |     9 |    11 |     5 ||    30
       Potion            |     1 |     1 |     2 |    10 ||    14
 Stab: Sleeping          |     5 |    19 |    37 |    42 ||   103
       Distracted        |     2 |       |     2 |    12 ||    16
       Invisible         |     7 |     8 |    22 |    53 ||    90
  Eat: Bread ration      |       |     1 |     2 |     1 ||     4
       Royal jelly       |       |       |     2 |       ||     2
       Pizza             |       |       |       |     7 ||     7
